 Dungeon Crawl Stone Soup version 0.30-b1-2-g02819fbbbe (webtiles) character file.

Game seed: 5413343146627473334

5 Hedron the Insei (level 1, 0/13 HPs)
             Began as a Gnoll Wanderer on Oct 30, 2023.
             Constricted to death by a ball python (1 damage)
             ... on level 1 of the Dungeon.
             The game lasted 00:01:37 (180 turns).

Hedron the Insei (Gnoll Wanderer)                    Turns: 180, Time: 00:01:37

Health: 0/13       AC:  3    Str: 12    XL:     1   Next: 80%
Magic:  4/4        EV:  7    Int:  9    God:
Gold:   0          SH:  4    Dex: 12    Spells: 4/5 levels left

rFire   . . .        c - +0 dagger (venom)
rCold   . . .        b - +0 buckler
rNeg    . . .        d - +0 leather armour
rPois   .            (no helmet)
rElec   .            (no cloak)
rCorr   .            (no gloves)
SInv    .            (no boots)
Will    .....        (no amulet)
Stlth   ++           (no ring)
HPRegen 0.22/turn    (no ring)
MPRegen 0.09/turn

%: no passive effects
@: constricted
A: fangs 1, strong nose, distributed training
a: no special abilities


You were on level 1 of the Dungeon.
You visited 1 branch of the dungeon, and saw 1 of its levels.

Inventory:

Hand Weapons
 c - a +0 dagger of venom (weapon)
Armour
 b - a +0 buckler (worn)
 d - a +0 leather armour (worn)


   Skills:
 + Level 0.1 Fighting
 + Level 0.1 Short Blades
 + Level 0.1 Long Blades
 + Level 0.1 Axes
 + Level 0.1 Maces & Flails
 + Level 0.1 Polearms
 + Level 0.1 Staves
 + Level 0.1 Ranged Weapons
 + Level 0.1 Throwing
 + Level 0.1 Armour
 + Level 0.1 Dodging
 + Level 4.0 Stealth
 + Level 2.4 Shields
 + Level 6.4 Unarmed Combat
 + Level 2.6 Spellcasting
 + Level 0.1 Conjurations
 + Level 0.1 Hexes
 + Level 0.1 Summonings
 + Level 0.1 Necromancy
 + Level 0.1 Translocations
 + Level 0.1 Transmutations
 + Level 0.1 Fire Magic
 + Level 0.1 Ice Magic
 + Level 0.1 Air Magic
 + Level 0.1 Earth Magic
 + Level 5.3 Poison Magic
 + Level 0.2 Invocations
 + Level 0.1 Evocations


You had 4 spell levels left.
You knew the following spells:

 Your Spells              Type           Power      Damage    Failure   Level
a - Sting                 Tmut/Pois      24%        1d4       19%         1

Your spell library contained the following spells:

 Spells                   Type           Power      Damage    Failure   Level
 Spider Form              Tmut/Pois      6%         N/A       50%         3
 Olgreb's Toxic Radiance  Pois           10%        N/A       54%         4


Dungeon Overview and Level Annotations

Branches:
Dungeon (1/15)

Altars:


Innate Abilities, Weirdness & Mutations

You have very sharp teeth.
Your uncanny sense of smell can sniff out nearby items.
Your experience applies equally to all skills.


Message History

You barely miss the endoplasm.
You bite the endoplasm, but do no damage.
The endoplasm jiggles.
The endoplasm freezes you.
You are frozen.
You hit the endoplasm.
The endoplasm is heavily wounded.
The endoplasm closely misses you.
You hit the endoplasm.
The endoplasm is almost dead.
The endoplasm barely misses you.
You completely miss the endoplasm.
The endoplasm is severely wounded.
The endoplasm freezes you.
You are frozen.
You hit the endoplasm.
You kill the endoplasm!
The ball python bites you but does no damage.
The ball python barely misses you.
It was a potion of magic.
Magic courses through your body. The ball python completely misses you.
The ball python closely misses you.
You aren't carrying any scrolls.
Casting: Sting (safe; 19% risk of failure)
Confirm with . or Enter, or press ? or * to list all spells.
You don't know that spell.
You closely miss the ball python.
The ball python bites you but does no damage.
The ball python grabs you. The ball python constricts you.
You hit the ball python but do no damage.
The ball python bites you but does no damage.
The ball python constricts you.
You barely miss the ball python. The ball python bites you.
* * * LOW HITPOINT WARNING * * *
The ball python constricts you. The ball python bites you.
* * * LOW HITPOINT WARNING * * *
The ball python constricts you.
You closely miss the ball python.
The ball python bites you but does no damage.
The ball python constricts you.
You die...

.............# #
.............###.
..................# .
..............# #.#..
..............##....
.#...............######♣♣###
.......#.......###........~#
.......#.......##...♣......##
......?.......KS@...........##
.....#.........##..........<.##
...$........##..#.............#
..............#.#.....♣.......#
#####...........#............♣#
...............###............#
.....).........#.∩............#
............#.####............#
............#.##...........♣..#


You could see a ball python and a kobold.

Vanquished Creatures
  2 endoplasms (D:1)
  A kobold (D:1)
  A bat (D:1)
  A rat (D:1)
5 creatures vanquished.

Notes
Turn   | Place    | Note
-------+----------+-------------------------------------------
     0 | D:1      | Hedron the Gnoll Wanderer began the quest for the Orb.
     0 | D:1      | Hedron set off with the following items: a +0 club, a +0
                  | buckler, a potion of haste, a +0 leather armour, a potion
                  | of curing; and the following spell memorised: Sting; and
                  | the following spells available to memorise: Spider Form,
                  | Olgreb's Toxic Radiance.
     0 | D:1      | Reached XP level 1. HP: 13/13 MP: 4/4
   180 | D:1      | Constricted to death by a ball python

Illustrated notes

Levels and vault maps discovered:
D:1:      nzn_arrival_settlement, layout_basic

Action                     || total
---------------------------++-------
  Melee: Dagger            ||    16
         Club              ||    14
         Bite              ||     4
    Use: Potion            ||     4
 Armour: Leather armour    ||    10
  Dodge: Dodged            ||    15
  Block: Buckler           ||     6
